[Event "Titled Tuesday Blitz February 14 Early 2023"]
[White "Shuvalov, Evgenij"]
[Black "Matveeva, Olga"]
[WhiteFideId "4187237"]
[BlackFideId "24107018"]
[WhiteElo "2038"]
[BlackElo "2128"]
[Result "0-1"]
[Round "10"]
[TimeControl "180+2"]
[Date "2023.02.14"]
[WhiteClock "0:00:08"]
[BlackClock "0:00:10"]

1. d4 Nf6 2. c4 e6 3. Nc3 d5 4. cxd5 exd5 5. Bg5 Be7 6. e3 c6 7. Bd3 Nbd7 8. Nge2 Nh5 9. Bxe7 Qxe7 10. O-O O-O 11. Rb1 a5 12. a3 g6 13. b4 axb4 14. axb4 b5 15. e4 dxe4 16. Bxe4 Ra6 17. Re1 Ndf6 18. Bf3 Qd8 19. d5 cxd5 20. Nxb5 Bg4 21. Ned4 Bxf3 22. Qxf3 Ne4 23. Red1 Rf6 24. Qe3 Nxf2 25. Rf1 Ne4 26. Na7 Qb6 27. Rxf6 Nhxf6 28. Nac6 Re8 29. b5 Nd6 30. Qf4 Nf5 31. Kh1 Re4 32. Qf2 Ng4 33. Qb2 Nxd4 34. h3 Nxc6 35. hxg4 Nd4 36. Rc1 Rxg4 37. Rc3 Rh4+ 38. Rh3 Rxh3+ 39. gxh3 Ne6 40. Qb4 d4 41. Qc4 Qb7+ 42. Kg1 Kg7 43. Kf2 Qe4 44. b6 Qe3+ 45. Kf1 Qf3+ 46. Kg1 Qg3+ 47. Kf1 Qxh3+ 48. Ke1 Qh1+ 49. Ke2 Qe4+ 50. Kd1 Qb7 51. Qb5 h5 52. Qe5+ Kg8 53. Qb5 h4 54. Ke1 h3 55. Kf2 h2 56. Qb1 h1=Q 57. Qxh1 Qxh1 58. b7 Qxb7 0-1


[Site "https://www.chess.com"]

[Event "Titled Tuesday Blitz February 14 Early 2023"]
[White "Kavutskiy, Konstantin"]
[Black "Fan_Of_Chucky"]
[WhiteFideId "2026384"]
[WhiteElo "2414"]
[BlackElo "2323"]
[Result "0-1"]
[Round "10"]
[TimeControl "180+2"]
[Date "2023.02.14"]
[WhiteClock "0:00:04"]
[BlackClock "0:00:16"]

1. d4 Nf6 2. Bg5 Ne4 3. Bf4 d5 4. e3 g6 5. Nd2 Bg7 6. Nxe4 dxe4 7. h4 c5 8. c3 Nc6 9. dxc5 Qa5 10. h5 Bxc3+ 11. bxc3 Qxc3+ 12. Ke2 Be6 13. f3 Rd8 14. Qc1 Rd2+ 15. Qxd2 Bc4+ 16. Ke1 Qxa1+ 17. Kf2 Qxf1+ 18. Kg3 gxh5 19. Kh2 Rg8 20. Nh3 Qd3 21. Qf2 exf3 22. gxf3 e5 23. Bg3 f5 24. Rg1 f4 25. exf4 exf4 26. Bxf4 Rxg1 27. Nxg1 Nd4 28. Qe1+ Kd7 29. Qe5 Ne6 30. Bg3 Bxa2 31. Qb8 Bd5 32. Qxa7 Bxf3 33. Qa4+ Bc6 34. Qa2 Qe4 35. Qd2+ Kc8 36. Kh3 Qh1+ 37. Bh2 Bg2+ 38. Qxg2 Nf4+ 0-1


[Site "https://www.chess.com"]

[Event "Titled Tuesday Blitz February 14 Early 2023"]
[White "rikchessmx"]
[Black "Lehtosaari, Mauri"]
[BlackFideId "501999"]
[WhiteElo "2312"]
[BlackElo "2176"]
[Result "1-0"]
[Round "10"]
[TimeControl "180+2"]
[Date "2023.02.14"]
[WhiteClock "0:01:50"]
[BlackClock "0:00:24"]

1. e4 c5 2. Nf3 e6 3. d4 cxd4 4. Nxd4 Nc6 5. Nxc6 bxc6 6. Nc3 d5 7. Bd3 Nf6 8. Qe2 Be7 9. O-O h5 10. b3 Qc7 11. h3 d4 12. Nd1 c5 13. Nb2 Bb7 14. Nc4 Nd7 15. f4 h4 16. Qg4 g6 17. f5 Nf6 18. Qe2 gxf5 19. exf5 Rg8 20. Rf2 Nd5 21. fxe6 f6 22. Qh5+ Kd8 23. Be4 Ne3 24. Bxb7 Qxb7 25. Bxe3 dxe3 26. Rd1+ Kc8 27. Nxe3 Qe4 28. Qf7 Rxg2+ 29. Nxg2 1-0


[Site "https://www.chess.com"]

[Event "Titled Tuesday Blitz February 14 Early 2023"]
[White "Dragomirescu, Angela"]
[Black "Ruiz Aguilar, Pablo Alexander"]
[WhiteFideId "1209914"]
[BlackFideId "4401352"]
[WhiteElo "2130"]
[BlackElo "2161"]
[Result "1-0"]
[Round "10"]
[TimeControl "180+2"]
[Date "2023.02.14"]
[WhiteClock "0:00:08"]
[BlackClock "0:00:02"]

1. e4 c5 2. Nf3 e6 3. d4 cxd4 4. Nxd4 a6 5. Bd3 Nf6 6. O-O d6 7. Qe2 Be7 8. c4 Qc7 9. Nc3 Nbd7 10. Be3 b6 11. Rad1 Bb7 12. f4 Rc8 13. Kh1 Nc5 14. f5 e5 15. Nb3 Nxd3 16. Rxd3 Nxe4 17. Nd5 Bxd5 18. cxd5 Nc5 19. Rc3 Qb7 20. Qg4 Bf6 21. Bxc5 bxc5 22. Nd2 Qxb2 23. Ne4 Ke7 24. Rb3 Qxa2 25. Rb7+ Kf8 26. Rd1 h5 27. Qf3 Rd8 28. h3 Qc2 29. Rdb1 Qc4 30. Rd1 Qc2 31. Qd3 Qxd3 32. Rxd3 Be7 33. Ra3 h4 34. Rxa6 Rh5 35. Raa7 Re8 36. f6 gxf6 37. g4 hxg3 38. Nxg3 Rg5 39. Kg2 f5 40. h4 Rg4 41. Kf3 Rf4+ 42. Ke3 Bxh4 43. Rxf7+ Kg8 44. Rg7+ Kf8 45. Raf7# 1-0


[Site "https://www.chess.com"]

[Event "Titled Tuesday Blitz February 14 Early 2023"]
[White "Andreev, Konstantin"]
[Black "Fernandez Siles, Luis"]
[WhiteFideId "24239305"]
[BlackFideId "2209420"]
[WhiteElo "2195"]
[BlackElo "2218"]
[Result "0-1"]
[Round "10"]
[TimeControl "180+2"]
[Date "2023.02.14"]
[WhiteClock "0:00:16"]
[BlackClock "0:00:05"]

1. e4 c5 2. Nf3 Nc6 3. Nc3 g6 4. d4 cxd4 5. Nxd4 Bg7 6. Be3 Nf6 7. Bc4 O-O 8. Bb3 d6 9. f3 Bd7 10. Qd2 Qa5 11. O-O-O Rfc8 12. Kb1 Ne5 13. h4 Nc4 14. Bxc4 Rxc4 15. h5 Rac8 16. Bh6 Rxc3 17. bxc3 Qa3 18. Bxg7 Kxg7 19. hxg6 fxg6 20. Nb3 Be6 21. g4 Rc4 22. Qc1 Qa6 23. Qb2 h6 24. Rh2 Nd7 25. Qc1 g5 26. Nd4 Bf7 27. Nf5+ Kf8 28. Rxh6 Rb4+ 29. Qb2 Qxa2+ 30. Kc1 Qxb2+ 31. Kd2 Ra4 32. Rdh1 Nf6 33. Rh8+ Bg8 34. R1h6 Ra2 35. Nd4 Qb6 36. Rg6 Qb1 37. Rxg5 Ra1 38. Ne2 Qe1+ 39. Ke3 Rd1 40. Rf5 Qd2+ 41. Kf2 Re1 42. g5 Rxe2+ 43. Kg3 Rg2+ 44. Kh3 Rxg5 0-1


[Site "https://www.chess.com"]

[Event "Titled Tuesday Blitz February 14 Early 2023"]
[White "Skaric, Djuro"]
[Black "Sowul, Bartosz"]
[WhiteFideId "934569"]
[BlackFideId "1137590"]
[WhiteElo "2334"]
[BlackElo "2269"]
[Result "1-0"]
[Round "10"]
[TimeControl "180+2"]
[Date "2023.02.14"]
[WhiteClock "0:00:35"]
[BlackClock "0:00:06"]

1. g3 d5 2. Bg2 c6 3. d3 Nf6 4. Nf3 Bg4 5. O-O Nbd7 6. Nc3 e5 7. h3 Bh5 8. e4 Be7 9. g4 Bg6 10. Nh4 dxe4 11. dxe4 Nxe4 12. Nxg6 Nxc3 13. Qf3 hxg6 14. Qxc3 O-O 15. Rd1 Qc7 16. Be3 a5 17. a3 Rfd8 18. Be4 Nf6 19. Bg2 Nd7 20. Qc4 Rac8 21. Rd2 Nf8 22. Rad1 Ne6 23. Be4 Rxd2 24. Rxd2 b5 25. Qd3 Rd8 26. Qe2 Bf6 27. Qf3 Rxd2 28. Bxd2 Nd4 29. Qd3 a4 30. Kf1 Qb6 31. c3 Nb3 32. Be3 Qc7 33. c4 bxc4 34. Qxc4 Qd6 35. Qxc6 Qd1+ 36. Kg2 Nd2 37. Bd3 e4 38. Bxe4 Qf1+ 39. Kg3 Qg1+ 40. Bg2 Nf1+ 41. Kf3 Nh2+ 42. Ke2 g5 43. f4 1-0


[Site "https://www.chess.com"]

[Event "Titled Tuesday Blitz February 14 Early 2023"]
[White "Jimenez, Joaquin"]
[Black "Martic, Ivan"]
[WhiteFideId "109860"]
[BlackFideId "929301"]
[WhiteElo "2195"]
[BlackElo "2301"]
[Result "0-1"]
[Round "10"]
[TimeControl "180+2"]
[Date "2023.02.14"]
[WhiteClock "0:00:38"]
[BlackClock "0:01:14"]

1. e4 d6 2. d4 Nf6 3. Nc3 e5 4. dxe5 dxe5 5. Qxd8+ Kxd8 6. Bc4 Ke8 7. f3 c6 8. Be3 Nbd7 9. Nge2 Bc5 10. Bxc5 Nxc5 11. O-O-O b5 12. Bb3 a5 13. a4 Nxb3+ 14. cxb3 Be6 15. Kc2 Rb8 16. axb5 cxb5 17. Rd6 Ke7 18. Rhd1 b4 19. Rxe6+ Kxe6 20. Nd5 Rhc8+ 21. Kb1 Nxd5 22. Rxd5 Ra8 23. Nc1 f6 24. Rb5 Rd8 25. Rb6+ Rd6 26. Rb7 Rd7 27. Rb6+ Kf7 28. Ne2 g6 29. Ng3 h5 30. Rc6 Rd2 31. Rc2 Rad8 32. Ne2 h4 33. Kc1 Rd1# 0-1


[Site "https://www.chess.com"]

[Event "Titled Tuesday Blitz February 14 Early 2023"]
[White "Colijn, Stefan"]
[Black "Balabayeva, Xeniya"]
[WhiteFideId "1016199"]
[BlackFideId "13719688"]
[WhiteElo "2293"]
[BlackElo "2191"]
[Result "1-0"]
[Round "10"]
[TimeControl "180+2"]
[Date "2023.02.14"]
[WhiteClock "0:00:46"]
[BlackClock "0:01:03"]

1. d4 d6 2. Nc3 d5 3. Bf4 c6 4. e3 Qb6 5. a3 Nf6 6. Bd3 g6 7. Nf3 Bg7 8. O-O h6 9. Ne5 Nbd7 10. b4 Nxe5 11. Bxe5 O-O 12. Ne2 Ne8 13. Bxg7 Nxg7 14. c4 dxc4 15. Bxc4 Bf5 16. Qb3 Rad8 17. Ng3 Be6 18. Rfd1 Bxc4 19. Qxc4 Ne6 20. Ne4 Kg7 21. a4 Nc7 22. Rdb1 Rd5 23. Nc5 Rfd8 24. a5 Qb5 25. Qxb5 Nxb5 26. Nxb7 e5 27. dxe5 Nc3 28. Re1 Rxe5 29. Rac1 Nd5 30. Nxd8 1-0


[Site "https://www.chess.com"]

[Event "Titled Tuesday Blitz February 14 Early 2023"]
[White "Korpics, Zsolt"]
[Black "Buchenau, Frank"]
[WhiteFideId "705241"]
[BlackFideId "4604350"]
[WhiteElo "2300"]
[BlackElo "2222"]
[Result "0-1"]
[Round "10"]
[TimeControl "180+2"]
[Date "2023.02.14"]
[WhiteClock "0:00:01"]
[BlackClock "0:00:05"]

1. e4 c6 2. Nf3 d5 3. Nc3 Nf6 4. e5 Ne4 5. Ne2 Qb6 6. d4 e6 7. g3 c5 8. c3 cxd4 9. Nexd4 Nc6 10. Bg2 Nxd4 11. Nxd4 f6 12. exf6 Nxf6 13. O-O Bd6 14. Re1 Kf7 15. Nb3 Re8 16. Be3 Qc7 17. Nd4 Bd7 18. Qd3 Kg8 19. Nb5 Bxb5 20. Qxb5 a6 21. Qd3 Rad8 22. Bg5 Qf7 23. Re2 h6 24. Be3 e5 25. Rae1 b5 26. a4 bxa4 27. Qxa6 a3 28. bxa3 Qc7 29. Qb5 e4 30. Bd4 Rb8 31. Qa4 Ra8 32. Qd1 Be5 33. Qb3 Reb8 34. Qa2 Bxd4 35. cxd4 Qc3 36. Bxe4 Qxd4 37. Bg2 Kh8 38. Rd2 Qc4 39. Bxd5 Qxa2 40. Bxa2 Rxa3 41. Rde2 Raa8 42. Be6 Re8 43. Bh3 Rxe2 44. Rxe2 Kg8 45. Be6+ Kf8 46. Kg2 Re8 47. Bf5 Rxe2 48. Bd3 Rb2 0-1


[Site "https://www.chess.com"]

[Event "Titled Tuesday Blitz February 14 Early 2023"]
[White "Martin, Lewis"]
[Black "Andrews, Todd"]
[WhiteFideId "410551"]
[BlackFideId "2012456"]
[WhiteElo "2135"]
[BlackElo "2220"]
[Result "1/2-1/2"]
[Round "10"]
[TimeControl "180+2"]
[Date "2023.02.14"]
[WhiteClock "0:00:31"]
[BlackClock "0:00:14"]

1. e4 e6 2. b3 d5 3. Bb2 dxe4 4. Nc3 Nf6 5. Nge2 Bb4 6. Ng3 Qe7 7. Ngxe4 Nbd7 8. Qf3 Nxe4 9. Nxe4 f5 10. Qh5+ Qf7 11. Qxf7+ Kxf7 12. Ng5+ Kg6 13. h4 h6 14. Nf3 b6 15. O-O-O Bb7 16. Be2 a5 17. a4 Rhe8 18. Ne5+ Nxe5 19. Bxe5 Bd6 20. d4 Rad8 21. h5+ Kf7 22. Rhg1 Bxe5 23. dxe5 Ke7 24. g4 Rxd1+ 25. Bxd1 f4 26. g5 hxg5 27. Rxg5 Kf7 28. Be2 Rd8 29. Bd3 Rd4 30. Bg6+ Kf8 31. Kb2 Rd2 32. Bd3 Rxf2 33. Bc4 Be4 34. Bxe6 Rxc2+ 35. Ka3 f3 36. Rg4 f2 37. Rf4+ Ke7 38. Bh3 Bd3 39. e6 f1=Q 40. Bxf1 Bxf1 41. Rxf1 Kxe6 42. Rg1 Kf6 43. Rg6+ Kf7 44. Rg5 Rc5 45. Rxc5 bxc5 46. Kb2 Ke6 47. Kc3 Kd5 48. Kd3 c6 49. Kc3 Ke5 50. Kc4 Kd6 51. Kc3 Kd5 52. Kd3 Ke5 53. Kc4 Kd6 54. Kc3 Ke6 55. Kc4 Kf5 56. Kxc5 Kg5 57. Kb6 Kxh5 58. Kxa5 g5 59. Kb4 g4 60. a5 g3 61. a6 g2 62. a7 g1=Q 63. a8=Q Qb6+ 64. Kc3 Qc5+ 65. Kb2 Qd4+ 66. Kc2 Qf2+ 67. Kc3 Qc5+ 68. Kb2 Qd4+ 69. Kc2 c5 70. Qf3+ Kg5 71. Qc3 Qf2+ 72. Qd2+ Qxd2+ 73. Kxd2 Kf5 74. Kc3 Ke5 75. Kc4 Kd6 76. b4 cxb4 77. Kxb4 1/2-1/2


[Site "https://www.chess.com"]

[Event "Titled Tuesday Blitz February 14 Early 2023"]
[White "Goncalves, Davi Sulzbacher"]
[Black "Tinmaz, Kerem"]
[WhiteFideId "2154510"]
[BlackFideId "44559151"]
[WhiteElo "2282"]
[BlackElo "2177"]
[Result "1-0"]
[Round "10"]
[TimeControl "180+2"]
[Date "2023.02.14"]
[WhiteClock "0:00:07"]
[BlackClock "0:00:03"]

1. Nf3 d5 2. g3 Nf6 3. Bg2 Bg4 4. d4 e6 5. Ne5 Bf5 6. c4 c6 7. Nc3 Nbd7 8. Nxd7 Qxd7 9. cxd5 exd5 10. Bg5 Be7 11. O-O O-O 12. Qd2 h6 13. Bf4 Rfe8 14. Rac1 Bd6 15. Bxd6 Qxd6 16. e3 Qe6 17. a3 Bh3 18. b4 a6 19. Qc2 h5 20. Ne2 g5 21. Nc3 h4 22. Qe2 Kg7 23. Qf3 Rh8 24. Bxh3 Qxh3 25. Qg2 Qg4 26. h3 Qe6 27. g4 Rae8 28. Rce1 Ne4 29. Nxe4 Qxe4 30. Qxe4 Rxe4 31. Rc1 f5 32. gxf5 Kf6 33. Rc3 Kxf5 34. f3 Re6 35. e4+ dxe4 36. fxe4+ Kxe4 37. Rc5 Rg6 38. Kf2 Kxd4 39. Rd1+ Ke4 40. Re1+ Kf4 41. Rec1 Rd8 42. R1c4+ 1-0


[Site "https://www.chess.com"]

[Event "Titled Tuesday Blitz February 14 Early 2023"]
[White "Ardila, Oscar Humberto"]
[Black "Chernov, Mikhail"]
[WhiteFideId "4404742"]
[BlackFideId "24143170"]
[WhiteElo "1982"]
[BlackElo "2205"]
[Result "1-0"]
[Round "10"]
[TimeControl "180+2"]
[Date "2023.02.14"]
[WhiteClock "0:00:04"]
[BlackClock "0:00:01"]

1. d4 d5 2. Nf3 Nc6 3. g3 Bg4 4. Bg2 Qd7 5. O-O O-O-O 6. Bf4 f6 7. Nbd2 g5 8. Be3 Bh3 9. c4 Bxg2 10. Kxg2 h5 11. cxd5 Qxd5 12. Qb3 h4 13. Qxd5 Rxd5 14. Nb3 e6 15. Rfd1 Nh6 16. h3 hxg3 17. fxg3 g4 18. Nh4 gxh3+ 19. Kxh3 Nf5 20. Bf2 Bd6 21. e4 Nxh4 22. exd5 Nf5+ 23. Kg2 exd5 24. Rh1 Rg8 25. Rh3 Nb4 26. Rd1 Nxa2 27. Nc5 Bxg3 28. Bxg3 Ne3+ 29. Kf3 Nxd1 30. Rh7 Kb8 31. Bxc7+ Ka8 32. Rd7 Nxb2 33. Rxd5 Nc3 34. Rd7 b6 35. Na6 Nb5 36. Bf4 Nd3 37. Bg3 Nb2 38. d5 Nc4 39. d6 Nd4+ 40. Ke4 Ne6 41. Kd5 Rxg3 42. Kxe6 Re3+ 43. Kxf6 b5 44. Nc5 a5 45. Rd8+ Ka7 46. d7 Nb6 47. Re8 1-0


[Site "https://www.chess.com"]

[Event "Titled Tuesday Blitz February 14 Early 2023"]
[White "Smith, Garrett L"]
[Black "Fernandez Garcia, Gumersindo"]
[WhiteFideId "2024829"]
[BlackFideId "24516740"]
[WhiteElo "2047"]
[BlackElo "2160"]
[Result "0-1"]
[Round "10"]
[TimeControl "180+2"]
[Date "2023.02.14"]
[WhiteClock "0:00:11"]
[BlackClock "0:00:44"]

1. e4 c5 2. a3 Nc6 3. b4 cxb4 4. axb4 e5 5. b5 Nce7 6. Bb2 d6 7. Nf3 Ng6 8. Nc3 Nf6 9. g3 Be7 10. Bg2 O-O 11. O-O h6 12. d4 Be6 13. Ra4 Qb6 14. h4 Rfd8 15. Qd3 Rac8 16. Rfa1 exd4 17. Qxd4 Ne5 18. Nd5 Bxd5 19. exd5 Nxf3+ 20. Bxf3 Rxc2 21. Rxa7 Qxb5 22. Bc3 Rc8 23. R1a3 Bf8 24. g4 Qb1+ 25. Kg2 Qc1 26. Ra1 Rxf2+ 27. Kxf2 Qxc3 28. Qxc3 Rxc3 29. Ra8 Rc2+ 30. Kg3 Rc3 31. Kf2 g5 32. hxg5 hxg5 33. Rb8 Rc7 34. Raa8 Nd7 35. Rd8 Kg7 36. Be4 Be7 37. Rh8 Kf6 38. Ra3 Ke5 39. Re3 Bf6 40. Ra8 Kd4 41. Ra4+ Rc4 42. Rxc4+ Kxc4 43. Bf3 Ne5 44. Re1 Nd3+ 0-1


[Site "https://www.chess.com"]

[Event "Titled Tuesday Blitz February 14 Early 2023"]
[White "Smietanska, Wiktoria"]
[Black "Enkhtuul, Altan-Ulzii"]
[WhiteFideId "21869359"]
[BlackFideId "4901444"]
[WhiteElo "1936"]
[BlackElo "2254"]
[Result "1-0"]
[Round "10"]
[TimeControl "180+2"]
[Date "2023.02.14"]
[WhiteClock "0:00:02"]
[BlackClock "0:00:02"]

1. c4 e5 2. Nc3 Nf6 3. Nf3 Nc6 4. e4 Bb4 5. d3 h6 6. a3 Bxc3+ 7. bxc3 d6 8. Be2 O-O 9. O-O Ne7 10. Ne1 Ng6 11. g3 Nh7 12. Ng2 Bh3 13. f4 exf4 14. gxf4 Nh4 15. Bf3 Qf6 16. Qe1 Bxg2 17. Bxg2 Rae8 18. Be3 b6 19. Qg3 Nxg2 20. Qxg2 Qxc3 21. f5 Kh8 22. Rfd1 Rg8 23. Qf2 Nf6 24. Bd4 Qb3 25. Qh4 Kh7 26. Kh1 Re5 27. Bxe5 dxe5 28. Qg3 Qc3 29. Rac1 Qd4 30. Rb1 c5 31. Qg1 Rd8 32. Qxd4 Rxd4 33. Kg1 Ng4 34. h3 Ne3 35. Rdc1 Rxd3 36. Kf2 Rxa3 37. Ra1 Rb3 38. Rxa7 Kg8 39. Ra8+ Kh7 40. Rf8 f6 41. Rf7 Kg8 42. Rd7 Ra3 43. Rg1 1-0


[Site "https://www.chess.com"]

[Event "Titled Tuesday Blitz February 14 Early 2023"]
[White "Zacurdajev, Dmitry"]
[Black "Nugumanov, Bakhtiyar"]
[WhiteFideId "4196309"]
[BlackFideId "13701797"]
[WhiteElo "2273"]
[BlackElo "2316"]
[Result "1-0"]
[Round "10"]
[TimeControl "180+2"]
[Date "2023.02.14"]
[WhiteClock "0:00:51"]
[BlackClock "0:00:02"]

1. d4 d6 2. c4 e5 3. d5 f5 4. Nc3 Nf6 5. g3 e4 6. Bg2 Be7 7. Nh3 O-O 8. Nf4 c6 9. Be3 cxd5 10. Nfxd5 Nc6 11. O-O Ne5 12. b3 Be6 13. Bf4 Nfd7 14. Qd2 Bxd5 15. Qxd5+ Kh8 16. Qxb7 Ng6 17. Be3 Bf6 18. Rac1 Nc5 19. Bxc5 dxc5 20. Rfd1 Qa5 21. Nd5 Rab8 22. Qd7 Qxa2 23. Nxf6 Rxf6 24. Qc7 Rff8 25. Qxc5 Qxb3 26. h4 Qb6 27. Qa3 Ne5 28. c5 Qc6 29. Qxa7 Rb7 30. Qa1 Nf7 31. Qd4 h6 32. Qd5 Rc8 33. Bh3 Qxd5 34. Rxd5 g6 35. c6 Rbc7 36. Rdc5 Ne5 37. Rxe5 Rxc6 38. Rxc6 Rxc6 39. h5 Kg7 40. hxg6 Kxg6 41. Bxf5+ 1-0


[Site "https://www.chess.com"]

[Event "Titled Tuesday Blitz February 14 Early 2023"]
[White "Iljin, Timofey"]
[Black "Lesbekova, Assel"]
[WhiteFideId "14110180"]
[BlackFideId "13713248"]
[WhiteElo "2329"]
[BlackElo "1772"]
[Result "1-0"]
[Round "10"]
[TimeControl "180+2"]
[Date "2023.02.14"]
[WhiteClock "0:00:08"]
[BlackClock "0:00:02"]

1. e4 c5 2. c3 d5 3. exd5 Qxd5 4. d4 Nc6 5. Nf3 cxd4 6. cxd4 e5 7. Nc3 Bb4 8. Bd2 Bxc3 9. Bxc3 e4 10. Ne5 Nxe5 11. dxe5 Ne7 12. Be2 e3 13. O-O exf2+ 14. Rxf2 Qxd1+ 15. Rxd1 Be6 16. b3 O-O 17. Bb4 Rfe8 18. Bb5 Nc6 19. Bd6 Rac8 20. Rfd2 a6 21. Be2 g6 22. Kf2 Bf5 23. Rd5 Ne7 24. R5d2 Nc6 25. Bf3 Nxe5 26. Bxb7 Ng4+ 27. Kg1 Rc2 28. Rxc2 Bxc2 29. Rc1 Bd3 30. h3 Nf6 31. Rd1 Bb5 32. a4 Be2 33. Re1 Bd3 34. Rd1 Bc2 35. Rc1 Bxb3 36. a5 Re6 37. Rc8+ Kg7 38. Bf8+ Kg8 39. Bc6 h5 40. Bb4+ Kh7 41. Bc3 Bd1 42. Bd7 Rd6 43. Be5 Rxd7 44. Bxf6 g5 45. Bxg5 Kg6 46. Be3 Be2 47. Kf2 Bb5 48. Rg8+ Kf5 49. Rg5+ Kf6 50. Rxh5 Rd3 51. Rc5 Ra3 52. g4 Ra2+ 53. Kg3 Rxa5 54. h4 Ra3 55. Kf3 Ra2 56. Rf5+ Kg6 57. h5+ Kg7 58. Bd4+ Kg8 59. Rg5+ Kf8 60. h6 Bd3 61. Bg7+ Ke7 62. Re5+ Kd6 63. Re3 Bg6 64. g5 Rh2 65. Be5+ Kd5 66. Bxh2 1-0


[Site "https://www.chess.com"]

[Event "Titled Tuesday Blitz February 14 Early 2023"]
[White "Thiel, Thomas"]
[Black "Zherebtsova, Alexandra"]
[WhiteFideId "4615964"]
[BlackFideId "24129518"]
[WhiteElo "2234"]
[BlackElo "2155"]
[Result "1-0"]
[Round "10"]
[TimeControl "180+2"]
[Date "2023.02.14"]
[WhiteClock "0:00:35"]
[BlackClock "0:00:13"]

1. e4 e5 2. Nf3 Nc6 3. d4 exd4 4. Nxd4 Bb4+ 5. c3 Bc5 6. Be3 Bb6 7. Nf5 Bxe3 8. Nxe3 Nge7 9. c4 O-O 10. Nc3 d6 11. Be2 f5 12. exf5 Nxf5 13. Nxf5 Bxf5 14. O-O Kh8 15. Bf3 Rb8 16. Re1 Ne5 17. b3 c6 18. Be4 Qa5 19. Bxf5 Qxc3 20. Qxd6 Rbd8 21. Qxe5 Qd2 22. f3 Rd6 23. Qe3 Qb2 24. Be4 Rh6 25. a4 Qe5 26. g3 Qh5 27. Qe2 Rhf6 28. f4 Qf7 29. Bc2 Qc7 30. Qe5 Qb6+ 31. Qe3 Qb4 32. Qd3 g6 33. Qd4 Kg7 34. Re6 c5 35. Re7+ Kh6 36. Qe5 Rf5 37. Qg7+ Kh5 38. Qxh7+ Kg4 39. Bd1# 1-0


[Site "https://www.chess.com"]

[Event "Titled Tuesday Blitz February 14 Early 2023"]
[White "Kanyamarala, Trisha"]
[Black "Barrera Rincones, Josmar Joel"]
[WhiteFideId "45004722"]
[BlackFideId "3975487"]
[WhiteElo "2278"]
[BlackElo "1399"]
[Result "1-0"]
[Round "10"]
[TimeControl "180+2"]
[Date "2023.02.14"]
[WhiteClock "0:00:12"]
[BlackClock "0:00:06"]

1. d4 Nf6 2. c4 g6 3. Nc3 Bg7 4. e4 d6 5. Nf3 O-O 6. Be2 c6 7. O-O a6 8. Qc2 b5 9. Bg5 Nbd7 10. e5 Ne8 11. exd6 Nxd6 12. c5 Nf5 13. Rad1 h6 14. Bf4 Nf6 15. Ne5 Nxd4 16. Nxc6 Nxc2 17. Nxd8 Bf5 18. Nc6 Rfe8 19. Bf3 Rac8 20. Rd2 g5 21. Bg3 g4 22. Bd1 Rxc6 23. Bxc2 Bxc2 24. Rxc2 Rxc5 25. Re2 e6 26. Rd1 Rec8 27. Bd6 R5c6 28. Bb4 h5 29. h3 gxh3 30. gxh3 Rc4 31. a3 R4c6 32. Kh2 Bh6 33. Rg1+ Kh7 34. Be7 Bf4+ 35. Kh1 Nd7 36. Re4 e5 37. Nd5 Bh6 38. Rh4 Nb6 39. Nf6+ Rxf6 40. Bxf6 Nd5 41. Bxe5 Re8 42. Rxh5 f6 43. Bd4 Nf4 44. Rh4 Ne2 45. Re1 Kg6 46. Rg4+ Bg5 47. Rgg1 Nxd4 48. Rxe8 Nf3 49. Rg8+ Kf5 50. R8xg5+ fxg5 51. Rg4 Ne5 52. Rb4 Nc4 53. Rb3 Na5 54. Rc3 Nc4 55. Kg2 Ke4 56. Rg3 Kf5 57. Rb3 Na5 58. Rb4 Nc4 59. a4 a5 60. Rxb5+ Kf4 61. b4 Nd2 62. bxa5 Ne4 63. Rb4 Ke5 64. Rxe4+ Kxe4 65. a6 Kd4 66. a7 Kc4 67. a8=Q Kb4 68. Qg8 Kc3 69. Qxg5 1-0


[Site "https://www.chess.com"]

[Event "Titled Tuesday Blitz February 14 Early 2023"]
[White "Kvaloy, Aksel Bu"]
[Black "Larina, Maria"]
[WhiteFideId "1528815"]
[BlackFideId "24113182"]
[WhiteElo "2321"]
[BlackElo "1948"]
[Result "1-0"]
[Round "10"]
[TimeControl "180+2"]
[Date "2023.02.14"]
[WhiteClock "0:01:19"]
[BlackClock "0:00:07"]

1. d4 f5 2. e4 fxe4 3. Nc3 Nf6 4. Bg5 Nc6 5. f3 d5 6. Bb5 Qd6 7. Qd2 Bd7 8. O-O-O O-O-O 9. Nge2 exf3 10. gxf3 e5 11. dxe5 Nxe5 12. Bxd7+ Rxd7 13. Bf4 Qe7 14. Nd4 Nc4 15. Qf2 Qb4 16. Nb3 Kb8 17. Rhe1 Bd6 18. Bg5 c6 19. Qh4 Qb6 20. Bxf6 gxf6 21. Qxf6 Rf8 22. Qe6 Re7 23. Qg4 Ne3 24. Qh4 Nxd1 25. Rxe7 Nxc3 26. bxc3 Bxe7 27. Qxe7 Qg1+ 28. Kb2 Rc8 29. Nc5 Rc7 30. Qd8+ Rc8 31. Nd7+ 1-0


[Site "https://www.chess.com"]

[Event "Titled Tuesday Blitz February 14 Early 2023"]
[White "Loskutova, Viktoriya"]
[Black "Orzech, Dominik"]
[WhiteFideId "34166278"]
[BlackFideId "1115065"]
[WhiteElo "2153"]
[BlackElo "2308"]
[Result "0-1"]
[Round "10"]
[TimeControl "180+2"]
[Date "2023.02.14"]
[WhiteClock "0:00:14"]
[BlackClock "0:01:08"]

1. e4 c6 2. d4 d5 3. exd5 cxd5 4. Bd3 Nc6 5. c3 Qc7 6. h3 Nf6 7. Na3 e5 8. dxe5 Qxe5+ 9. Ne2 Bxa3 10. bxa3 O-O 11. O-O Bf5 12. Bf4 Qe6 13. Re1 Bxd3 14. Qxd3 Qe4 15. Rad1 Qxd3 16. Rxd3 h6 17. Rb1 b6 18. a4 Rac8 19. Nd4 Nxd4 20. cxd4 Rc2 21. a3 Rfc8 22. Rb5 Ne4 23. Be3 Nc3 24. Rb4 Rc4 25. Rd2 Rxd2 26. Bxd2 Ne2+ 27. Kf1 Nxd4 28. Rxc4 dxc4 29. Bc3 Nb3 30. Ke2 g6 31. Kd1 Kf8 32. Kc2 Ke7 33. Bg7 h5 34. Kc3 Na5 35. Be5 Ke6 36. Bb8 Nc6 37. Bc7 Kd5 38. Bf4 Nd4 39. Be3 Nf5 40. Bf4 Nh4 41. g3 Nf3 42. Bb8 a6 43. Ba7 b5 44. axb5 axb5 45. Be3 Ne5 46. h4 Nd3 47. Ba7 Ke4 48. a4 bxa4 49. Kxc4 a3 50. Kb3 Kf3 51. Kxa3 Nxf2 52. Bb8 Ne4 53. Kb3 Nxg3 54. Kc3 Nf5 0-1


[Site "https://www.chess.com"]

[Event "Titled Tuesday Blitz February 14 Early 2023"]
[White "Kalajzic, Ivan"]
[Black "Sai Han Thiha"]
[WhiteFideId "14506378"]
[BlackFideId "13012290"]
[WhiteElo "2062"]
[BlackElo "2070"]
[Result "0-1"]
[Round "10"]
[TimeControl "180+2"]
[Date "2023.02.14"]
[WhiteClock "0:00:03"]
[BlackClock "0:01:18"]

1. c4 Nf6 2. Nc3 g6 3. e4 Bg7 4. e5 Ng8 5. h4 d6 6. exd6 Qxd6 7. h5 Nc6 8. hxg6 hxg6 9. Rxh8 Bxh8 10. d3 Bf5 11. Nd5 e6 12. Bf4 Ne5 13. Qa4+ c6 14. d4 exd5 15. dxe5 Bxe5 16. Bxe5 Qxe5+ 17. Be2 Qxb2 18. Rd1 Bc2 19. Qa5 Bxd1 20. Bxd1 b6 21. Qa6 Qc3+ 22. Kf1 Qxc4+ 23. Qxc4 dxc4 24. Bf3 Kd7 25. Ne2 Rc8 26. Nd4 a6 27. Ke2 c5 28. Nc2 f5 29. Ne3 b5 30. g4 f4 31. Nd5 g5 32. Nb6+ Kc7 33. Nxc8 Kxc8 34. Kd2 Nf6 35. Bd1 Kc7 36. f3 Nd5 37. Bc2 Kd6 38. Be4 Ke5 39. Kc1 Kd4 40. Kb2 b4 41. a3 c3+ 42. Kb3 c4+ 43. Ka4 b3 44. Ka5 c2 45. a4 c1=Q 46. Kxa6 Nc3 47. Bc6 b2 48. a5 b1=Q 49. Bb7 Qb5+ 50. Ka7 Qxa5+ 51. Ba6 Qc7+ 52. Bb7 Qa3# 0-1


[Site "https://www.chess.com"]

[Event "Titled Tuesday Blitz February 14 Early 2023"]
[White "Forgacs, Attila Jr."]
[Black "I_KID_you_not"]
[WhiteFideId "773654"]
[WhiteElo "2264"]
[BlackElo "2323"]
[Result "1/2-1/2"]
[Round "10"]
[TimeControl "180+2"]
[Date "2023.02.14"]
[WhiteClock "0:00:18"]
[BlackClock "0:00:27"]

1. e4 e6 2. d4 d5 3. Nc3 Nf6 4. e5 Ng8 5. f4 Nh6 6. Nf3 c5 7. Be3 Nf5 8. Bf2 cxd4 9. Nxd4 Nxd4 10. Bxd4 Nc6 11. Bf2 Bb4 12. a3 Bxc3+ 13. bxc3 Qa5 14. Qd2 Bd7 15. Bd3 O-O-O 16. O-O d4 17. Rfb1 Qxc3 18. Qxc3 dxc3 19. Rb3 Kb8 20. Rab1 Na5 21. Rxc3 Rc8 22. Rxc8+ Rxc8 23. Rb4 h6 24. Kf1 Rc3 25. a4 Nc6 26. Rb3 Rxb3 27. cxb3 Na5 28. Bc2 b5 29. Bc5 g6 30. g4 bxa4 31. bxa4 Nc4 32. Ke2 Nb6 33. Bxb6 axb6 34. Ke3 Kb7 35. Bb3 Ka6 36. f5 gxf5 37. gxf5 Ka5 38. fxe6 Bxe6 39. Bc2 Kb4 40. Kd4 Bd7 41. Kd5 Bxa4 42. Bf5 Bb3+ 43. Kd6 Kc3 44. Bd7 Bc4 45. Ke7 Kd4 46. Kf6 b5 47. Bxb5 Bxb5 48. Kxf7 Kxe5 49. Kg6 1/2-1/2


[Site "https://www.chess.com"]